 Dungeon Crawl Stone Soup version 0.29-a0-598-gd8304a5bf4 (webtiles) character file.

Game seed: 16569812052270682915

5093 vineage the Fighter (level 10, -5/68 HPs)
             Began as a Gargoyle Fighter on June 15, 2022.
             Was a Priest of Okawaru.
             Slain by a two-headed ogre
             ... wielding a +0 giant spiked club
              (31 damage)
             ... on level 9 of the Dungeon.
             The game lasted 00:10:37 (7453 turns).

vineage the Fighter (Gargoyle Fighter)              Turns: 7453, Time: 00:10:37

Health: -5/68      AC: 21    Str: 26    XL:     10   Next: 57%
Magic:  13/13      EV: 11    Int:  9    God:    Okawaru [***...]
Gold:   811        SH: 12    Dex: 11    Spells: 9/9 levels left

rFire   x . .      SeeInvis .   q - +2 whip (elec)
rCold   . . .      Faith    .   o - +0 kite shield
rNeg    + . .      Spirit   .   b - +0 scale mail
rPois   ∞          Reflect  .   e - +0 helmet
rElec   +          Harm     .   (no cloak)
rCorr   .          Rampage  .   u - +0 pair of gloves
Will    .....      Clarity  +   (no boots)
Stlth   +.........              m - amulet of Liberty {RegenMP rF- Str+4}
HPRegen 0.21/turn               (no ring)
MPRegen 0.53/turn               (no ring)

@: heroic, flying
A: sickness immunity, AC +7, negative energy resistance 1, electricity
resistance, torment resistance 1, petrification resistance, big wings,
iridescent scales 1, clarity, MP-powered wands
a: Renounce Religion, Heroism


You were on level 9 of the Dungeon.
You worshipped Okawaru.
Okawaru was most pleased with you.
You visited 2 branches of the dungeon, and saw 10 of its levels.
You also visited: Ossuary.

You collected 811 gold pieces.

Inventory:

Hand Weapons
 a - a +1 flail
 q - a +2 whip of electrocution (weapon)
Armour
 b - a +0 scale mail (worn)
 e - a +0 helmet (worn)
 o - a +0 kite shield (worn)
 u - a +0 pair of gloves (worn)
Jewellery
 g - an amulet of guardian spirit
 m - the amulet of Liberty (around neck) {RegenMP rF- Str+4}
   (You found it on level 2 of the Dungeon)

   [amulet of magic regeneration]

   It increases your rate of magic regeneration.
   Str:       It affects your strength (+4).
   rF:        It makes you vulnerable to fire.
 A - a ring of wizardry
Wands
 f - a wand of quicksilver (9)
 k - a wand of iceblast (11)
 l - a wand of flame (25)
 r - a wand of polymorph (3)
 t - a wand of charming (11)
Scrolls
 s - a scroll of fog
 v - a scroll of immolation {unknown}
 x - 2 scrolls of enchant weapon
 y - 2 scrolls of amnesia
 B - a scroll of teleportation
 C - a scroll of identify
Potions
 c - a potion of brilliance
 d - 4 potions of might
 h - 5 potions of heal wounds
 i - 2 potions of haste {unknown}
 j - 2 potions of magic
 n - a potion of flight {unknown}
 p - 5 potions of curing
 w - a potion of mutation
 z - 2 potions of berserk rage


   Skills:
 * Level 10.7(15.7) Fighting
 + Level 6.8(11.8) Maces & Flails
 + Level 8.0(13.0) Armour
 + Level 8.0(13.0) Shields
 + Level 4.4 Invocations


You had 9 spell levels left.
You didn't know any spells.
Your spell library contained the following spells:

 Spells                   Type           Power      Damage    Failure   Level
 Foxfire                  Conj/Fire      0%         2x1d4     83%         1
 Blink                    Tloc           0%         N/A       92%         2
 Static Discharge         Conj/Air       0%         N/A       92%         2
 Conjure Flame            Conj/Fire      0%         6-21      99%         3
 Inner Flame              Hex/Fire       0%         N/A       99%         3
 Portal Projectile        Hex/Tloc       0%         N/A       99%         3
 Dispel Undead            Necr           0%         3d6       100%        4
 Flame Wave               Conj/Fire      0%         2d4       100%        4
 Leda's Liquefaction      Hex/Erth       0%         N/A       100%        4
 Sticky Flame             Conj/Fire      0%         2d3       100%        4
 Manifold Assault         Tloc           0%         N/A       100%        5
 Storm Form               Tmut/Air       0%         N/A       100%        7
 Call Canine Familiar     Summ           Unusable   N/A       N/A         3

Dungeon Overview and Level Annotations

Branches:
Dungeon (9/15)             Temple (1/1) D:6             Orc (0/2) D:9
Ossuary (visited)
   Lair: D:8-11

Altars:
Ashenzari
Cheibriados
Dithmenos
Elyvilon
Fedhas
Gozag
Kikubaaqudgha
Makhleb
Nemelex Xobeh
Okawaru
Qazlal
Ru
Sif Muna
Trog
Uskayaw
Vehumet
Wu Jian
Xom
Yredelemnul
Zin
The Shining One

Shops:
D:8 =((*?


Innate Abilities, Weirdness & Mutations

You are immune to sickness and miasma.
Your stone body is resilient. (AC +7)
You are immune to poison.
You resist negative energy. (rN+)
You are resistant to electric shocks. (rElec)
You are resistant to unholy torment.
You are immune to petrification.
Your large and strong wings let you fly.
You are partially covered in iridescent scales. (AC +2)
You possess an exceptional clarity of mind.
You expend magic power (3 MP) to strengthen your wands.


Message History

The warg bites you.
You hit the warg.
You kill the warg!
Okawaru accepts your kill.
You hit the warg. Lightning courses through the warg!!
The warg is severely wounded.
You hit the warg. Lightning courses through the warg!
You kill the warg!
Okawaru accepts your kill.
The centaur shoots an arrow.
The arrow hits you but does no damage.
Your base Shields skill increases to level 8!
The centaur unwields a +0 shortbow.
The centaur hits you but does no damage.
You block the centaur's attack.
You block the two-headed ogre's attack. x2
The centaur closely misses you. The centaur barely misses you.
You see here a warg corpse.
You hit the two-headed ogre but do no damage.
You block the two-headed ogre's attack.
The two-headed ogre hits you with a +0 giant club!
You are too injured to fight recklessly!
You are too injured to fight recklessly!
You are too injured to fight recklessly!
You are too injured to fight recklessly!
You are too injured to fight recklessly!
You are too injured to fight recklessly!
You are too injured to fight recklessly!
You are too injured to fight recklessly!
You are too injured to fight recklessly!
You are too injured to fight recklessly!
You are too injured to fight recklessly!
You are too injured to fight recklessly!
You are too injured to fight recklessly!
The centaur wields a +0 shortbow.
The centaur shoots an arrow.
The arrow hits you.
The centaur shoots an arrow.
The arrow hits you but does no damage.
You are too injured to fight recklessly!
The centaur shoots an arrow.
The arrow hits you but does no damage.
The two-headed ogre attacks as you move away!
The two-headed ogre hits you with a +0 giant spiked club!!
You die...

#..##...#.##..
#.......#..)..
#...#.###..#)#
#...#......#))
#.##...#.##...
######......#......
..#.#..#.##..+....
#.#.o..#.....#....
#@#..##...+.##....
#O##......####....
#..†..'...# #....
#######...# #....
######.?.####....
#................
#.........o{.....
#................
#................


You could see a two-headed ogre.

Vanquished Creatures
  The ghost of smoky173 the Covert, a novice SpHu (D:7)
  Psyche (D:8)
  2 hornets (D:7)
  2 wyverns (D:8)
  Sigmund (D:4)
  3 yaks (D:7)
  Menkaure (D:6)
  2 wargs (D:9)
  A water moccasin (D:7)
  Duvessa (D:4)
  An orc warrior (D:7)
  An ice beast (D:7)
  A sky beast (D:7)
  A black bear (D:4)
  A centaur (D:7)
  An ogre (D:5)
  A phantom (D:5)
  4 kobold brigands
  2 bullfrogs
  A necrophage (D:4)
  2 scorpions
  An elf zombie (Ossuary)
  2 gnoll sergeants
  Dowan (D:4)
  6 killer bees
  A hound (D:5)
  2 jellies
  5 orc priests
  Jessica (D:2)
  Ijyb (D:5)
  2 iguanas
  4 orc wizards
  2 mummies (Ossuary)
  Robin (D:4)
  16 adders
  12 gnolls
  A shadow imp (D:5)
  A white imp (D:8)
  An ufetubus (D:6)
  2 worms
  4 dart slugs
  25 orcs
  7 endoplasms
  7 giant cockroaches
  2 gnoll zombies (Ossuary)
  14 goblins
  9 hobgoblins
  13 jackals
  27 kobolds
  4 quokkas
  4 ball pythons
  5 bats
  2 frilled lizards
  2 goblin zombies (Ossuary)
  2 hobgoblin zombies (Ossuary)
  7 orc zombies (Ossuary)
  5 rats
232 creatures vanquished.

Vanquished Creatures (others)
  An orc wizard (D:8)
  An orc (D:4)
  4 fungi (D:7)
  2 toadstools (D:7)
8 creatures vanquished.

Grand Total: 240 creatures vanquished

Notes
Turn   | Place    | Note
-------+----------+-------------------------------------------
     0 | D:1      | vineage the Gargoyle Fighter began the quest for the Orb.
     0 | D:1      | Reached XP level 1. HP: 14/14 MP: 1/1
   281 | D:1      | Reached XP level 2. HP: 19/19 MP: 2/2
  1099 | D:2      | Reached XP level 3. HP: 24/24 MP: 3/3
  1217 | D:2      | Reached skill level 4 in Fighting
  1415 | D:2      | Noticed Jessica
  1419 | D:2      | Killed Jessica
  1420 | D:2      | Reached XP level 4. HP: 25/29 MP: 4/4
  1557 | D:2      | Identified the amulet of Liberty {RegenMP rF- Str+4}
  1919 | D:3      | Reached XP level 5. HP: 34/34 MP: 5/5
  2118 | D:3      | Gained mutation: You possess an exceptional clarity of
                  | mind. [potion of mutation]
  2118 | D:3      | Gained mutation: You occasionally shout uncontrollably at
                  | your foes. [potion of mutation]
  2118 | D:3      | Gained mutation: Your natural rate of healing is unusually
                  | fast. [potion of mutation]
  2362 | D:3      | Reached skill level 5 in Fighting
  2604 | D:3      | Reached XP level 6. HP: 35/40 MP: 6/6
  2730 | D:4      | Noticed a black bear
  2742 | D:4      | Killed a black bear
  2805 | D:4      | Noticed Duvessa
  2821 | D:4      | Noticed Dowan
  2823 | D:4      | Reached XP level 7. HP: 45/45 MP: 7/7
  2834 | D:4      | Killed Duvessa
  2835 | D:4      | Reached skill level 6 in Fighting
  2849 | D:4      | Reached skill level 5 in Armour
  2849 | D:4      | Reached skill level 5 in Shields
  2884 | D:4      | Killed Dowan
  2994 | D:4      | Noticed Robin
  3019 | D:4      | Killed Robin
  3139 | D:4      | Noticed Sigmund
  3171 | D:4      | Killed Sigmund
  3172 | D:4      | Reached XP level 8. HP: 35/52 MP: 8/8
  3518 | D:5      | Entered Level 5 of the Dungeon
  3527 | D:5      | Reached skill level 7 in Fighting
  4138 | D:5      | Noticed Ijyb
  4144 | D:5      | Killed Ijyb
  4545 | D:6      | Noticed Menkaure
  4555 | D:6      | Killed Menkaure
  4556 | D:6      | Reached skill level 5 in Maces & Flails
  4642 | D:6      | Found a staircase to the Ecumenical Temple.
  4650 | D:6      | Reached skill level 8 in Fighting
  4655 | Temple   | Entered the Ecumenical Temple
  4732 | Temple   | Became a worshipper of Warmaster Okawaru
  5442 | D:7      | Noticed a hornet
  5451 | D:7      | Killed a hornet
  5452 | D:7      | Reached skill level 1 in Invocations
  5452 | D:7      | Reached XP level 9. HP: 54/60 MP: 9/9
  5721 | D:7      | Found a large runed translucent door.
  5721 | D:7      | Found a large runed translucent door.
  5723 | D:7      | Noticed smoky173's ghost (novice SpHu)
  5769 | D:7      | Reached * piety under Okawaru
  5796 | D:7      | Noticed a hornet
  5811 | D:7      | Killed a hornet
  5812 | D:7      | Reached skill level 9 in Fighting
  5933 | D:7      | Found a sand-covered staircase.
  5962 | Ossuary  | Entered an ossuary
  6336 | D:7      | Killed smoky173's ghost
  6336 | D:7      | Reached ** piety under Okawaru
  6501 | D:8      | Found Tudegemu's Weapon Shoppe.
  6501 | D:8      | Noticed Psyche
  6516 | D:8      | Reached XP level 10. HP: 64/68 MP: 10/12
  6555 | D:8      | Found Optoek's Weapon Emporium.
  6562 | D:8      | Reached skill level 10 in Fighting
  6770 | D:8      | Reached *** piety under Okawaru
  6915 | D:8      | Killed Psyche
  6949 | D:8      | Found Liwnes's Assorted Antiques.
  6961 | D:8      | Found Gydoim's Magic Scroll Shop.
  7127 | D:8      | Found Tishaboq's Jewellery Emporium.
  7271 | D:8      | Lost mutation: You occasionally shout uncontrollably at
                  | your foes. [potion of mutation]
  7271 | D:8      | Lost mutation: Your natural rate of healing is unusually
                  | fast. [potion of mutation]
  7271 | D:8      | Gained mutation: Your large and strong wings let you fly.
                  | [potion of mutation]
  7271 | D:8      | Gained mutation: You are partially covered in iridescent
                  | scales. (AC +2) [potion of mutation]
  7271 | D:8      | Gained mutation: You expend magic power (3 MP) to
                  | strengthen your wands. [potion of mutation]
  7396 | D:9      | Found a staircase to the Orcish Mines.
  7413 | D:9      | Noticed a two-headed ogre
  7453 | D:9      | Slain by a two-headed ogre

Illustrated notes

Levels and vault maps discovered:
D:1:      wander_arrival_fairy_ring, layout_basic
D:2:      layout_basic, due_unseen_surprise, uniq_jessica
D:3:      layout_rooms
D:4:      layout_loops_ring, uniq_duvessa, uniq_robin, uniq_sigmund
D:5:      layout_gridville, ebering_dispersal_statue_hall, st_stairs_6,
          grunt_ministairs_7, uniq_ijyb
D:6:      layout_gridville, minmay_temple_entry_proselytizer, uniq_menkaure
D:7:      layout_loops_ring, nicolae_ossuary_entry_plus,
          ebering_ghost_disaster_area, kennysheep_nub, minmay_gold_behind_fungi,
          minmay_stone_trees_small
D:8:      layout_cave_pools, serial_shops, kennysheep_mini,
          nicolae_diamond_shop, nicolae_stop_n_shop_2,
          nicolae_shop_hallway_stairs, kennysheep_little_box,
          amcnicky_mini_corridor_feature, uniq_psyche
D:9:      layout_basic, erik_lair_orcish_takeover, hangedman_decor_points,
          minivault_12, uniq_joseph
Temple:   dpeg_three_leaves_temple

Skill      XL: |  1  2  3  4  5  6  7  8  9 10 |
---------------+-------------------------------+-----
Fighting       | 4 5 6 8 9 10 | 10.7
Armour         | 4 5 6 7 8 |  8.0
Shields        | 4 5 6 7 8 |  8.0
Maces & Flails | 3 4 5 6 |  6.8
Invocations    | 1 3 4 |  4.4

Action                   |  1- 3 |  4- 6 |  7- 9 | 10-12 || total
-------------------------+-------+-------+-------+-------++-------
Melee: Flail             |   130 |   182 |   417 |    20 ||   749
       Unarmed           |       |       |    20 |       ||    20
       Whip              |       |       |       |   179 ||   179
Invok: Heroism           |       |       |     3 |     1 ||     4
  Use: Scroll            |       |     7 |     5 |     2 ||    14
       Potion            |       |     2 |     2 |     1 ||     5
Armor: Scale mail        |    93 |    99 |   219 |   107 ||   518
       Skin              |       |       |     1 |       ||     1
Dodge: Dodged            |    76 |    76 |   143 |    95 ||   390
Block: Buckler           |    48 |    31 |       |       ||    79
       Kite shield       |       |    36 |   218 |   139 ||   393

Table legend: (Time is in decaauts)
 A = Elapsed time spent in this place.
 B = Non-inter-level travel time spent in this place.
 C = Inter-level travel time spent in this place.
 D = Time resting spent in this place.
 E = Time spent auto-exploring this place.
 F = Levels seen in this place.
 G = Mean time per level.
                   A        B        C        D        E       F      G
               +--------+--------+--------+--------+--------+-----+--------+
         Total |   7650 |   7279 |    371 |    211 |   5161 |  11 |  695.5 |
       Dungeon |   7431 |   7075 |    356 |    211 |   5049 |   9 |  825.7 |
        Temple |     80 |     65 |     15 |      0 |     55 |   1 |   80.0 |
       Ossuary |    138 |    138 |      0 |      0 |     57 |   1 |  138.0 |
               +--------+--------+--------+--------+--------+-----+--------+

Top non-repeatable levels by time:
     D:7: 1102 daAuts
     D:1: 1100 daAuts
     D:5: 1050 daAuts
     D:4: 955 daAuts
     D:2: 830 daAuts
     D:6: 778 daAuts
     D:3: 769 daAuts
     D:8: 705 daAuts
 Ossuary: 138 daAuts
     D:9: 138 daAuts
  Temple: 80 daAuts
